 Dungeon Crawl Stone Soup version 0.19.5 (webtiles) character file.

497 Peloso the Covered (level 6, 0/53 HPs)
             Began as a Minotaur Fighter on Apr 22, 2017.
             Was a Follower of Okawaru.
             Slain by Grinder (7 damage)
             ... while paralysed by Grinder
             ... on level 4 of the Dungeon.
             The game lasted 00:06:36 (3089 turns).

Peloso the Covered (Minotaur Fighter)               Turns: 3089, Time: 00:06:36

Health: 0/53       AC:  7    Str: 21    XL:     6   Next: 93%
Magic:  5/5        EV:  2    Int:  5    God:    Okawaru [*.....]
Gold:   154        SH:  0    Dex: 11    Spells: 0 memorised, 5 levels left

rFire  . . .     SeeInvis .     a - +1 long sword
rCold  . . .     Gourm    .     b - +0 scale mail
rNeg   . . .     Faith    .     c - +0 shield
rPois  .         Spirit   .     (helmet restricted)
rElec  .         Reflect  .     (no cloak)
rCorr  .         Harm     .     (no gloves)
MR     .....                    (no boots)
Stlth  ..........               (no amulet)
                                (no ring)
                                (no ring)

@: paralysed
A: retaliatory headbutt, horns 2
a: Heroism, Renounce Religion


You were on level 4 of the Dungeon.
You worshipped Okawaru.
Okawaru was aware of your devotion.
You were not hungry.

You visited 1 branch of the dungeon, and saw 4 of its levels.

You collected 154 gold pieces.

Inventory:

Hand Weapons
 a - a +1 long sword (weapon)
Armour
 b - a +0 scale mail (worn)
 c - a +0 shield (worn)
Wands
 p - a wand of polymorph (9/24)
Scrolls
 d - a scroll of identify {unknown}
 h - 2 scrolls of remove curse
 l - a scroll of amnesia {unknown}
Potions
 e - 2 potions of degeneration {unknown}
 i - 4 potions of brilliance {unknown}
 j - 2 potions of haste {unknown}
 k - 5 potions of curing {unknown}
 m - 2 potions of heal wounds {unknown}
 n - a potion of resistance {unknown}
Comestibles
 f - 3 bread rations
 g - 2 meat rations
 o - 2 chunks of flesh
 q - a beef jerky


   Skills:
 + Level 4.3 Fighting
 + Level 5.4 Long Blades
 + Level 5.7 Armour
 + Level 2.2 Dodging
 + Level 0.1 Stealth
 + Level 5.5 Shields


You had 5 spell levels left.
You didn't know any spells.

Dungeon Overview and Level Annotations

Branches:
Dungeon (4/15)
 Temple: D:4-7

Altars:
Fedhas
Okawaru
Ru

Annotations:
D:4 Grinder


Innate Abilities, Weirdness & Mutations

You reflexively headbutt those who attack you in melee.
You have a pair of horns on your head.


Message History

* * * LOW HITPOINT WARNING * * *
Grinder completely misses you.
You can move again.
You hit Grinder.
Grinder is severely wounded.
Grinder gestures at you. Pain shoots through your body!
* * * LOW HITPOINT WARNING * * *
Unknown command.
You hit Grinder.
Grinder is severely wounded.
Grinder gestures at you.
You suddenly lose the ability to move!
Grinder barely misses you.
Grinder says, "Tell me all your secrets, or I'll kill you."
Grinder gestures at you. You resist with significant effort.
Grinder says, "Wait up."
Grinder hits you!
You die...

## ..# #.# #.#
#.# # #.# #
#..#####.###..#.
#...5@%.........
#..#####.###....
#.............#.
#........###....
########)###....
.......)..#...
...####)#.##.#
.# #.#.##.# .#
####.#.##.# .#


You could see Grinder.

Vanquished Creatures
  Sigmund (D:3)
  Duvessa (D:4)
  Dowan (D:4)
  Ijyb (D:3)
  Robin (D:3)
  3 adders
  An ooze (D:1)
  4 worms
  3 dart slugs
  2 leopard geckos
  5 orcs
  2 ball pythons
  7 giant cockroaches
  13 goblins
  15 hobgoblins
  4 jackals
  10 kobolds
  A ball python skeleton (D:4)
  4 bats
  4 frilled lizards
  4 rats
87 creatures vanquished.

Notes
Turn   | Place    | Note
-------+----------+-------------------------------------------
     0 | D:1      | Peloso the Minotaur Fighter began the quest for the Orb.
     0 | D:1      | Reached XP level 1. HP: 19/19 MP: 0/0
    77 | D:1      | Reached XP level 2. HP: 22/27 MP: 1/1
   275 | D:1      | Reached XP level 3. HP: 31/33 MP: 2/2
  1131 | D:2      | Reached XP level 4. HP: 31/40 MP: 3/3
  1370 | D:2      | Found an iron altar of Okawaru.
  1379 | D:2      | Became a worshipper of Warmaster Okawaru
  1570 | D:3      | Found a faded altar of an unknown god.
  1570 | D:3      | Found a faded altar of an unknown god.
  1576 | D:3      | Found a sacrificial altar of Ru.
  1578 | D:3      | Found a faded altar of an unknown god.
  1579 | D:3      | Found a faded altar of an unknown god.
  1604 | D:3      | Noticed Sigmund
  1620 | D:3      | Killed Sigmund
  1620 | D:3      | Reached * piety under Okawaru
  1620 | D:3      | Reached skill level 5 in Armour
  1620 | D:3      | Reached skill level 1 in Dodging
  1620 | D:3      | Reached XP level 5. HP: 11/46 MP: 4/4
  2094 | D:3      | Found a blossoming altar of Fedhas.
  2128 | D:3      | Reached XP level 6. HP: 39/52 MP: 5/5
  2155 | D:3      | Noticed Robin
  2166 | D:3      | Killed Robin
  2166 | D:3      | Reached skill level 5 in Shields
  2374 | D:3      | Found a faded altar of an unknown god.
  2392 | D:3      | Noticed Ijyb
  2398 | D:3      | Killed Ijyb
  2802 | D:4      | Noticed Dowan
  2809 | D:4      | Noticed Duvessa
  2830 | D:4      | Killed Duvessa
  2830 | D:4      | Reached skill level 5 in Long Blades
  2842 | D:4      | Killed Dowan
  3072 | D:4      | Noticed Grinder
  3073 | D:4      | Paralysed by Grinder for 2 turns
  3082 | D:4      | Paralysed by Grinder for 3 turns
  3086 | D:4      | Paralysed by Grinder for 5 turns
  3089 | D:4      | Slain by Grinder

Skill      XL: |  1  2  3  4  5  6 |
---------------+-------------------+-----
Armour         | 4 5 |  5.7
Long Blades    | 3 4 5 |  5.4
Shields        | 4 5 |  5.5
Fighting       | 4 |  4.3
Dodging        | 1 2 |  2.2
Stealth        | |  0.1

Action                   |  1- 3 |  4- 6 || total
-------------------------+-------+-------++-------
Melee: Long sword        |    91 |   134 ||   225
       Headbutt          |    19 |    26 ||    45
       Unarmed           |       |     6 ||     6
Invok: Heroism           |       |     1 ||     1
  Use: Potion            |       |     1 ||     1
       Scroll            |       |     5 ||     5
 Stab: Confused          |       |     1 ||     1
  Eat: Chunk             |     1 |     6 ||     7
Armor: Scale mail        |    46 |    49 ||    95
Dodge: Dodged            |    24 |    39 ||    63
Block: Shield            |    52 |    81 ||   133
       Rpst.: Long sword |     7 |    10 ||    17
